AoeStats
← zapato3103

MegaRandom

509532355Analyzed
4v4 RM · 6d ago on Sep 27, 2026· 34m 44s· 8 players
Game mode
Random Map
Map size
Large (8 player)
Population
200
Speed
Normal
Resources
Standard
Victory
Conquest
Starting age
Dark Age
Ending age
Imperial Age
RankedLock teamsTeams togetherTeam positionsShared explorationLock speedFull tech treeHidden civsTurbo modeCheats
Victory
Defeat
🇨🇳 Burmese · China
1318
+12
🇨🇳 Koreans · China
1269
+14
🇮🇳 Bulgarians · India
1248
+15
1179
+18
🇸🇪 Mongols · Sweden
1374
-20
🇺🇸 Varangians · United States
1226
-15
🇲🇽 Armenians · Mexico
1164
-12
🇲🇽 Slavs · Mexico
1164
-12
Gamaleon
2:30 Loom
11:37 Feudal Age
15:53 Castle Age
14:06 Horse Collar
14:25 Double-Bit Axe
15:14 Man-at-Arms
17:04 Heavy Plow
19:08 Scale Mail Armor
19:57 Forging
19:49 Gambesons
20:28 Squires
20:54 Long Swordsman
22:42 Bow Saw
22:44 Arson
26:06 Town Watch
25:57 Two-Handed Swordsman
26:51 Fletching
29:54 Wheelbarrow
31:05 Bodkin Arrow
31:11 Elite Skirmisher
34:37 Imperial Age
34:06 Padded Archer Armor
hablam
3:04 Loom
11:16 Feudal Age
11:48 Man-at-Arms
27:26 Fletching
30:20 Castle Age
theshyforest
4:29 Loom
10:52 Feudal Age
15:09 Bloodlines
16:58 Forging
20:09 Castle Age
19:16 Double-Bit Axe
20:23 Light Cavalry
23:06 Elite Skirmisher
25:32 Fletching
31:33 Padded Archer Armor
32:16 Bodkin Arrow
zapato3103
5:16 Loom
11:02 Feudal Age
11:57 Double-Bit Axe
12:11 Horse Collar
14:50 Forging
20:32 Castle Age
21:00 Bloodlines
21:55 Bow Saw
dy小妖
3:18 Loom
10:19 Feudal Age
11:12 Double-Bit Axe
12:44 Forging
12:41 Scale Barding Armor
24:50 Castle Age
23:34 Gold Mining
23:34 Horse Collar
23:49 Fletching
24:56 Crossbowman
25:33 Bodkin Arrow
26:07 Bow Saw
26:56 Town Watch
29:13 Gold Shaft Mining
30:18 Ballistics
32:01 Thumb Ring
34:16 Husbandry
33:41 Light Cavalry
活在故事里的骑士
10:47 Feudal Age
9:07 Loom
17:15 Castle Age
15:18 Double-Bit Axe
16:42 Horse Collar
31:37 Squires
31:22 Gambesons
31:23 Arson
31:54 Heavy Plow
34:33 Scale Mail Armor
见不久好
3:29 Loom
10:15 Feudal Age
17:03 Castle Age
15:48 Gold Mining
23:45 Husbandry
28:50 Wheelbarrow
AztecKiller2427
2:31 Loom
10:23 Feudal Age
22:00 Fletching
24:43 Horse Collar
25:22 Padded Archer Armor
32:51 Castle Age
34:18 Bodkin Arrow
34:35 Double-Bit Axe
34:53 Heavy Plow
Connection lost

Rejoining the realm…

Still unreachable

The connection could not be restored.

Session expired

The server has moved on; the page needs a fresh start.